 Dungeon Crawl Stone Soup version 0.31-a0-112-gdf0485fa37 (webtiles) character file.

Game seed: 6246327325560592658

127 HoaS the Shooter (level 4, -1/36 HPs)
             Began as a Demigod Hunter on May 28, 2023.
             Killed by nerve-wracking pain
             ... invoked by Grinder
              (12 damage)
             ... while paralysed by Grinder
             ... on level 3 of the Dungeon.
             The game lasted 00:04:12 (1602 turns).

HoaS the Shooter (Demigod Hunter)                   Turns: 1602, Time: 00:04:12

Health: -1/36      AC:  4    Str: 12    XL:     4   Next: 56%
Magic:  6/6        EV:  2    Int: 11    God:
Gold:   185        SH:  0    Dex: 21    Spells: 3/3 levels left

rFire   . . .        a - +0 shortbow
rCold   . . .        (shield currently unavailable)
rNeg    . . .        c - +0 leather armour
rPois   .            (no helmet)
rElec   .            f - +0 cloak
rCorr   .            (no gloves)
SInv    .            (no boots)
Will    .....        (no amulet)
Stlth   ++           (no ring)
HPRegen 0.26/turn    (no ring)
MPRegen 0.10/turn

%: no passive effects
@: paralysed
A: high MP 1, forlorn, divine attributes
a: no special abilities


You were on level 3 of the Dungeon.
You visited 1 branch of the dungeon, and saw 3 of its levels.

You collected 185 gold pieces.

Inventory:

Hand Weapons
 a - a +0 shortbow (weapon)
Armour
 c - a +0 leather armour (worn)
 f - a +0 cloak (worn)
Jewellery
 k - a ring of ice
Scrolls
 b - a scroll of immolation
 d - 3 scrolls of teleportation
Potions
 e - a potion of curing
 g - a potion of haste {unknown}
 h - 2 potions of enlightenment
 i - a potion of lignification
 m - a potion of mutation


   Skills:
 - Level 1.7 Fighting
 + Level 5.7 Ranged Weapons
 - Level 1.7 Dodging
 - Level 0.8 Stealth


You had 3 spell levels left.
You didn't know any spells.
Your spell library was empty.

Dungeon Overview and Level Annotations

Branches:
Dungeon (3/15)

Shops:
D:2 :

Annotations:
D:3 Grinder


Innate Abilities, Weirdness & Mutations

You have an increased reservoir of magic. (+10% MP)
You shall have no god before yourself.
Your divine heritage dramatically boosts your attributes as you level up.


Message History

You shoot an arrow. The arrow barely misses Grinder.
Grinder barely misses you.
You shoot an arrow. The arrow hits Grinder!
Grinder is lightly wounded.
Grinder hits you.
You writhe in agony.
You shoot an arrow.
The arrow hits Grinder but does no damage.
Grinder is lightly wounded.
Grinder says, "Wait up."
Grinder hits you.
You writhe in agony.
You shoot an arrow. The arrow hits Grinder.
Grinder is moderately wounded.
Grinder hits you.
You shoot an arrow. The arrow hits Grinder.
Grinder is moderately wounded.
Grinder hits you!
* * * LOW HITPOINT WARNING * * *
You feel much better. Grinder gestures at you. Pain shoots through your body!
You shoot an arrow. The arrow hits Grinder!
Grinder is heavily wounded.
Grinder closely misses you.
You shoot an arrow. The arrow barely misses Grinder.
Grinder gestures at you. Pain shoots through your body!
Grinder hits you but does no damage.
You shoot an arrow. The arrow closely misses Grinder.
Grinder barely misses you.
You shoot an arrow.
The arrow hits Grinder but does no damage.
Grinder is heavily wounded.
Grinder hits you.
You writhe in agony.
* * * LOW HITPOINT WARNING * * *
You shoot an arrow. The arrow barely misses Grinder.
Grinder blinks!
Grinder blinks!
There is a stone staircase leading up here.
Grinder gestures at you.
You suddenly lose the ability to move!
You stop ascending the stairs.
Grinder gestures at you. Pain shoots through your body!
You die...

#......#....# #.......
#......#.##.###....###
#......#.##...........
##........#......#####
#...######......#
#....#.5.....(..#
.......#............#
......##...####.....#
...... #@....##.....#
.......)...####.....#
......####.....[.####
...>. ........# ....
#######.. .. .# .


You could see Grinder.

Vanquished Creatures
  Natasha (D:2)
  3 adders (D:2)
  2 worms (D:2)
  3 dart slugs
  2 orcs
  6 bats
  7 endoplasms
  4 giant cockroaches
  8 goblins
  5 hobgoblins
  2 quokkas (D:1)
  3 ball pythons
  A frilled lizard (D:2)
  5 kobolds
  6 rats
58 creatures vanquished.

Notes
Turn   | Place    | Note
-------+----------+-------------------------------------------
     0 | D:1      | HoaS the Demigod Hunter began the quest for the Orb.
     0 | D:1      | Reached XP level 1. HP: 17/17 MP: 3/3
   334 | D:1      | Reached skill level 4 in Ranged Weapons
   399 | D:1      | Reached XP level 2. HP: 24/24 MP: 4/4
   439 | D:1      | You fall into a shaft and drop 1 floor!
   461 | D:2      | Found Jaorukku's Book Boutique.
   817 | D:2      | Reached XP level 3. HP: 22/29 MP: 5/5
  1005 | D:2      | Reached skill level 5 in Ranged Weapons
  1040 | D:2      | Reached XP level 4. HP: 28/36 MP: 6/6
  1464 | D:3      | Noticed Natasha
  1474 | D:2      | Killed Natasha
  1577 | D:3      | Noticed Grinder
  1601 | D:3      | Paralysed by Grinder for 5 turns
  1602 | D:3      | Killed from afar by Grinder

Illustrated notes

Levels and vault maps discovered:
D:1:      mrwooster_arrival_statue_3, layout_rooms,
          shapermc_ecumenical_altar_mp_vishouse, minmay_misc_feat_enclosed,
          grunt_decor_cap, kennysheep_pointless_box, item_on_display_a
D:2:      layout_loops_cross, serial_shops, shop, minmay_joined_circles
D:3:      layout_basic, uniq_grinder, uniq_natasha

Skill      XL: |  1  2  3 |
---------------+----------+-----
Ranged Weapons | 4 5 |  5.7
Fighting       | |  1.7
Dodging        | |  1.7
Stealth        | |  0.8

Action                     |  1- 3 |  4- 6 || total
---------------------------+-------+-------++-------
   Fire: Shortbow          |   105 |    52 ||   157
    Use: Scroll            |     7 |     4 ||    11
         Potion            |       |     1 ||     1
 Armour: Leather armour    |    16 |     5 ||    21
  Dodge: Dodged            |    33 |    12 ||    45

Table legend: (Time is in decaauts)
 A = Elapsed time spent in this place.
 B = Non-inter-level travel time spent in this place.
 C = Inter-level travel time spent in this place.
 D = Time resting spent in this place.
 E = Time spent auto-exploring this place.
 F = Levels seen in this place.
 G = Mean time per level.
                   A        B        C        D        E       F      G
               +--------+--------+--------+--------+--------+-----+--------+
         Total |   1635 |   1575 |     60 |    114 |   1146 |   3 |  545.0 |
       Dungeon |   1635 |   1575 |     60 |    114 |   1146 |   3 |  545.0 |
               +--------+--------+--------+--------+--------+-----+--------+

Top non-repeatable levels by time:
     D:2: 902 daAuts
     D:1: 654 daAuts
     D:3: 78 daAuts
